 Dungeon Crawl Stone Soup version 0.18.1-48-g4cf74bf (webtiles) character file.

229 jennos the Spear-Bearer (level 6, 0/44 HPs)
             Began as a Merfolk Gladiator on July 6, 2016.
             Slain by a wight
             ... wielding a cursed +0 halberd
              (7 damage)
             ... on level 3 of the Dungeon.
             The game lasted 00:05:03 (2274 turns).

jennos the Spear-Bearer (Merfolk Gladiator)         Turns: 2274, Time: 00:05:04

Health: 0/44       AC:  4    Str: 15    XL:     6   Next: 3%
Magic:  6/6        EV: 13    Int:  8    God:
Gold:   97         SH:  0    Dex: 16    Spells: 0 memorised, 5 levels left

rFire  . . .     SeeInvis .     o - +0 trident
rCold  . . .     Gourm    .     b - +0 leather armour
rNeg   . . .     Faith    .     (no shield)
rPois  .         Spirit   .     c - +0 helmet
rElec  .         Dismiss  .     (no cloak)
rCorr  .         Reflect  .     (no gloves)
SustAt .         Harm     .     (no boots)
MR     .....                    (no amulet)
Stlth  +.........               (no ring)
                                (no ring)

@: drained, not resistant to hostile enchantments, very unstealthy
A: change form in water, swift swim
a: no special abilities


You were on level 3 of the Dungeon.
You were not hungry.

You visited 1 branch of the dungeon, and saw 3 of its levels.

You collected 97 gold pieces.

Inventory:

Hand Weapons
 a - a +0 trident
 o - a +0 trident (weapon)
Missiles
 d - 3 throwing nets (quivered)
Armour
 b - a +0 leather armour (worn)
 c - a +0 helmet (worn)
Jewellery
 s - an uncursed ring of flight
Scrolls
 h - a scroll of remove curse
Potions
 e - 2 potions of haste {unknown}
 k - a potion of ambrosia {unknown}
 l - 2 potions of degeneration {unknown}
 m - 2 potions of heal wounds {unknown}
 p - a potion of curing {unknown}
 q - a potion of brilliance {unknown}
Comestibles
 f - a bread ration
 g - a chunk of flesh


   Skills:
 - Level 2.1(1.8) Fighting
 + Level 9.4(9.0) Polearms
 - Level 2.0(1.6) Throwing
 - Level 4.0(3.6) Dodging


You had 5 spell levels left.
You didn't know any spells.

Dungeon Overview and Level Annotations

Branches:
Dungeon (3/15)

Altars:
Yredelemnul


Message History

* * * LOW HITPOINT WARNING * * *
You feel drained.
You hit the wight but do no damage.
The wight is moderately damaged.
The wight barely misses you. The wight misses you.
You puncture the wight!
The wight is almost destroyed.
The wight barely misses you. The wight closely misses you.
You hit the wight.
The wight is almost destroyed.
The wight hits you but does no damage.
You hit the wight.
You destroy the wight!
Your base Polearms skill increases to level 9!
You have reached level 6!
Your experience leads to an increase in your attributes!
Increase (S)trength, (I)ntelligence, or (D)exterity?
You feel agile. The wight hits you with a halberd!
You die...

#.# #.# #.# #.# #
##########[### #.# b.
##............###.#
#..#...####.....)....#
#.#.....###.##.....###
#.......z...............#
#
........###z##.....####.#
.# .#.#...## #@###...##
.# ##z# #.# ##.## .## #(
#.# #.# ... . ..# #.# ..
...# #. ... ## ##### .##
##


You could see a wight.

Vanquished Creatures
  2 wights (D:3)
  An orc priest (D:2)
  Jessica (D:2)
  3 adders (D:2)
  A gnoll (D:1)
  2 dart slugs (D:2)
  A giant gecko (D:1)
  An orc (D:2)
  6 bats
  2 giant cockroaches (D:2)
  4 goblins
  3 hobgoblins
  7 jackals (D:1)
  9 kobolds
  2 ball pythons
  4 rats (D:2)
49 creatures vanquished.

Notes
Turn   | Place    | Note
--------------------------------------------------------------
     0 | D:1      | jennos the Merfolk Gladiator began the quest for the Orb.
     0 | D:1      | Reached XP level 1. HP: 16/16 MP: 1/1
    18 | D:1      | Reached skill level 5 in Polearms
    18 | D:1      | Reached XP level 2. HP: 21/22 MP: 2/2
   281 | D:1      | Reached XP level 3. HP: 27/27 MP: 3/3
   314 | D:1      | Reached skill level 6 in Polearms
   890 | D:2      | Found a basalt altar of Yredelemnul.
  1286 | D:2      | Reached skill level 7 in Polearms
  1286 | D:2      | Reached XP level 4. HP: 32/33 MP: 4/4
  1314 | D:2      | Noticed Jessica
  1348 | D:2      | Killed Jessica
  1842 | D:2      | Reached skill level 8 in Polearms
  1842 | D:2      | Reached XP level 5. HP: 3/38 MP: 5/5
  1846 | D:2      | HP: 1/38 [orc (2)]
  2273 | D:3      | Reached skill level 9 in Polearms
  2273 | D:3      | Reached XP level 6. HP: 7/44 MP: 6/6
  2274 | D:3      | Slain by a wight

Skill      XL: |  1  2  3  4  5 |
---------------+----------------+-----
Polearms       | 5 7 8 9 |  9.4
Fighting       | |  2.1
Throwing       | |  2.0
Dodging        | |  4.0

Action                   |  1- 3 |  4- 6 || total
-------------------------+-------+-------++-------
Melee: Trident           |   110 |    71 ||   181
  Use: Scroll            |       |     6 ||     6
 Stab: Sleeping          |     1 |       ||     1
  Eat: Chunk             |     1 |     1 ||     2
       Meat ration       |       |     1 ||     1
Armor: Leather armour    |    24 |    10 ||    34
Dodge: Dodged            |    65 |    45 ||   110
